 Dungeon Crawl Stone Soup version 0.29.1-2-gbd0b4ee654 (webtiles) character file.

Game seed: 5906105721703189240

37 MisterFreud the Twirler (level 3, 0/27 HPs)
             Began as a Formicid Gladiator on Oct 27, 2022.
             Succumbed to an adder's poison
             ... on level 4 of the Dungeon.
             The game lasted 00:01:12 (941 turns).

MisterFreud the Twirler (Formicid Gladiator)         Turns: 941, Time: 00:01:12

Health: 0/27       AC:  4    Str: 20    XL:     3   Next: 62%
Magic:  3/3        EV: 12    Int:  7    God:
Gold:   22         SH:  0    Dex: 15    Spells: 2/2 levels left

rFire   . . .      SeeInvis +   a - +1 quarterstaff
rCold   . . .      Faith    .   (no shield)
rNeg    . . .      Spirit   .   b - +1 leather armour
rPois   .          Reflect  .   (helmet unavailable)
rElec   .          Harm     .   h - scarf {shadows}
rCorr   .          Rampage  .   (no gloves)
Will    .....                   (no boots)
Stlth   +.........              (no amulet)
HPRegen 0.09/turn               (no ring)
MPRegen 0.08/turn               (no ring)

@: lethally poisoned (0 -> -5)
A: permanent stasis, dig shafts and tunnels, antennae 3, four strong arms
a: Dig, Shaft Self


You were on level 4 of the Dungeon.
You visited 1 branch of the dungeon, and saw 3 of its levels.

You collected 22 gold pieces.

Inventory:

Hand Weapons
 a - a +1 quarterstaff (weapon)
Missiles
 c - 3 throwing nets (quivered)
 d - a javelin
 i - 3 poisoned darts
Armour
 b - a +1 leather armour (worn)
 h - a scarf of shadows (worn)
Scrolls
 e - a scroll of identify
Potions
 k - a potion of flight


   Skills:
 - Level 2.1 Fighting
 + Level 4.4 Staves
 - Level 2.0 Throwing
 - Level 2.6 Dodging


You had 2 spell levels left.
You didn't know any spells.
Your spell library was empty.

Dungeon Overview and Level Annotations

Branches:
Dungeon (4/15)
 Temple: D:4-7

Altars:


Innate Abilities, Weirdness & Mutations

You cannot be hasted, slowed, berserked, paralysed or teleported.
You can dig through walls and to a lower floor.
You have a pair of large antennae on your head. (SInv)
Your four strong arms can wield two-handed weapons with a shield.


Message History

The hobgoblin shouts!
The adder hisses angrily.
You hit the adder.
The adder is severely wounded.
You feel sick.
You hear an angry hiss.
The adder barely misses you. The adder closely misses you.
Unknown command.
You barely miss the adder.
The adder is severely wounded.
You feel sick. The adder bites you.
Unknown command.
You thump the adder!
You kill the adder!
You feel sick.
Unknown command.
Unknown command.
Are you sure you want to shaft yourself?
You feel sick. The adder barely misses you.
You begin to dig a shaft.
You continue digging a shaft.
You feel sick. The adder bites you.
* * * LOW HITPOINT WARNING * * *
You are lethally poisoned!
The adder poisons you! The hobgoblin hits you.
* * * LOW HITPOINT WARNING * * *
The adder barely misses you. A shaft appears beneath you!
You fall into a shaft and drop 2 floors!
The shaft crumbles and collapses.
* * * LOW HITPOINT WARNING * * *
You feel sick.
Found 3 stones and a potion of flight.
Found a stone staircase leading down.
There is a lethal amount of poison in your body!
Okay, then.
Unknown command.
Okay, then.
Unknown command.
There is a lethal amount of poison in your body!
* * * LOW HITPOINT WARNING * * *
You feel sick.
You die...

#. .# #.#
####.#
#..
......
####..
.....
......
..>
......#.#
#..@.#
#..(.#
.......#
..##...##
. #...#
#...#
#!..#


There were no monsters in sight!

Vanquished Creatures
  An adder (D:2)
  2 endoplasms (D:1)
  A giant cockroach (D:1)
  A goblin (D:1)
  3 hobgoblins (D:1)
  3 kobolds (D:1)
  3 quokkas (D:1)
  7 ball pythons (D:1)
  2 bats (D:1)
  2 frilled lizards (D:1)
  A rat (D:1)
26 creatures vanquished.

Notes
Turn   | Place    | Note
-------+----------+-------------------------------------------
     0 | D:1      | MisterFreud the Formicid Gladiator began the quest for the
                  | Orb.
     0 | D:1      | Reached XP level 1. HP: 16/16 MP: 1/1
    75 | D:1      | Reached XP level 2. HP: 13/22 MP: 2/2
   570 | D:1      | Reached skill level 4 in Staves
   570 | D:1      | Reached XP level 3. HP: 21/27 MP: 3/3
   939 | D:2      | You fall into a shaft and drop 2 floors!
   940 | D:4      | HP: 1/27 [poisoned by an adder]
   941 | D:4      | Succumbed to an adder's poison

Illustrated notes

Levels and vault maps discovered:
D:1:      minmay_arrival_arboretum_large, layout_basic, minmay_misc_feat_hallway
D:2:      layout_rooms, minmay_misc_feat_doors, hangedman_feature_mirror,
          uniq_terence
D:4:      layout_basic, okawaru_trees_1, lemuel_tele_altar,
          minmay_gold_behind_fungi, roderic_roman_lattice

Skill      XL: |  1  2 |
---------------+-------+-----
Staves         | 4 |  4.4
Fighting       | |  2.1
Throwing       | |  2.0
Dodging        | |  2.6

Action                   || total
-------------------------++-------
Melee: Quarterstaff      ||    67
       Punch             ||     2
 Abil: Shaft Self        ||     1
  Use: Scroll            ||     4
 Stab: Sleeping          ||     1
Armor: Leather armour    ||    15
Dodge: Dodged            ||    54
